 Dungeon Crawl Stone Soup version 0.30-a0-760-g5a9884bb7c (webtiles) character file.

Game seed: 6243068657138137660

2675260 browni3141 the Ecstatic (level 27, 178/178 HPs)
             Began as a Tengu Hedge Wizard on Feb 12, 2023.
             Was a Follower of Uskayaw.
             Escaped with the Orb
             ... and 4 runes!
             The game lasted 03:38:06 (56419 turns).

browni3141 the Ecstatic (Tengu Hedge Wizard)       Turns: 56419, Time: 03:38:06

Health: 178/178    AC:  4    Str:  8 (10) XL:     27
Magic:  40/40      EV: 38    Int: 21 (24) God:    Uskayaw [*.....]
Gold:   2156       SH:  0    Dex: 25 (26) Spells: 6/42 levels left

rFire   + + .      SeeInvis .    a - +12 pair of quick blades "Gyre" and "Gimble" {protect}
rCold   + + .      Faith    .    (shield currently unavailable)
rNeg    + . .      Spirit   .    X - +1 robe of Vines {NoPotionHeal Regen++++}
rPois   +          Reflect  .    c - -2 hat of the Alchemist {rElec rPois rF+ rC+ rN+ Will+ rMut rCorr}
rElec   +          Harm     .    L - scarf {shadows}
rCorr   +          Rampage  .    I - +2 pair of gloves
rMut    +                        (boots unavailable)
Will    ++++.                    k - amulet of Vitality {RegenMP++ Regen++}
Stlth   +++                      D - +6 ring of dexterity
HPRegen 5.29/turn                B - ring of Dim Light {rF+ rC+ Will+ Int+3}
MPRegen 1.07/turn

@: flying quickly and evasively, studying Fire Magic, quick
A: beak, talons 3, nimble flight, weak 1
0: Orb of Zot
}: 4/15 runes: serpentine, slimy, silver, abyssal
a: Renounce Religion, Stomp


You escaped.
You worshipped Uskayaw.
Uskayaw was extremely pleased with you.
You visited 11 branches of the dungeon, and saw 50 of its levels.
You visited the Abyss 1 time.
You visited 1 bazaar.
You also visited: Trove, Bailey, Gauntlet, Ice Cave and Desolation.

You collected 7823 gold pieces.
You spent 5667 gold pieces at shops.

Inventory:

Hand Weapons
 a - the +12 pair of quick blades "Gyre" and "Gimble" (weapon) {protect}
   (You acquired it in a bailey)
 b - the +8 autumn katana {manifold assault}
   (You found it in a treasure trove)

   Manifold Assault: It sometimes launches melee attacks against multiple
   visible enemies.
 l - the +1 dagger "Dubifith" {freeze, rElec Will+++ rCorr Str-5}
   (You found it in a treasure trove)

   Str:       It affects your strength (-5).
   rElec:     It insulates you from electricity.
   rCorr:     It protects you from acid and corrosion.
   Will:      It greatly increases your willpower.
Missiles
 y - 7 throwing nets
Armour
 c - the -2 hat of the Alchemist (worn) {rElec rPois rF+ rC+ rN+ Will+ rMut rCorr}
   (You bought it in a shop on level 2 of the Orcish Mines)

   rF:        It protects you from fire.
   rC:        It protects you from cold.
   rElec:     It insulates you from electricity.
   rPois:     It protects you from poison.
   rN:        It protects you from negative energy.
   rCorr:     It protects you from acid and corrosion.
   rMut:      It protects you from mutation.
   Will:      It increases your willpower.
 I - a +2 pair of gloves (worn)
 L - a scarf of shadows (worn)
 W - a +2 cloak of preservation
 X - the +1 robe of Vines (worn) {NoPotionHeal Regen++++}
   (You found it in the Desolation of Salt)

   NoPotionHeal: Its wearer cannot be healed by potions.
   Regen:     It increases your rate of health regeneration.
Jewellery
 g - the ring "Naoro" {rF+ rC+ Will- Slay+5 SInv}
   (You bought it in a shop on level 4 of the Vaults)

   [ring of protection from cold]

   Slay:      It affects your accuracy & damage with ranged weapons and melee
   (+5).
   rF:        It protects you from fire.
   rC:        It protects you from cold.
   SInv:      It lets you see invisible.
   Will:      It decreases your willpower.
 j - the ring of Ujyarer {*Slow +Blink rPois rF+++ MP+9}
   (You found it on level 1 of the Elven Halls)

   [ring of magical power]

   rF:        It renders you almost immune to fire.
   rPois:     It protects you from poison.
   MP:        It affects your magic capacity (+9).
   +Blink:    It lets you blink.
   *Slow:     It may slow you when you take damage.
 k - the amulet of Vitality (around neck) {RegenMP++ Regen++}
   (You found it in a Gauntlet)

   [amulet of magic regeneration]

   It increases your rate of magic regeneration.
   Regen:     It increases your rate of health regeneration.
 B - the ring of Dim Light (right hand) {rF+ rC+ Will+ Int+3}
   (You bought it in a shop on level 1 of the Depths)

   [ring of protection from fire]

   Int:       It affects your intelligence (+3).
   rF:        It protects you from fire.
   rC:        It protects you from cold.
   Will:      It increases your willpower.
 D - a +6 ring of dexterity (left hand)
Wands
 e - a wand of mindburst (38)
 w - a wand of iceblast (49)
 x - a wand of paralysis (35)
 H - a wand of digging (27)
 J - a wand of acid (17)
Scrolls
 q - 4 scrolls of amnesia
 s - 3 scrolls of torment
 u - 4 scrolls of poison
 v - 4 scrolls of fear
 A - 3 scrolls of butterflies
 E - a scroll of magic mapping
 G - 11 scrolls of vulnerability
 K - 11 scrolls of fog
 N - 4 scrolls of brand weapon
 P - 8 scrolls of immolation
 Q - 2 scrolls of silence
 U - 29 scrolls of teleportation
Potions
 d - 9 potions of magic
 h - 3 potions of berserk rage
 i - 7 potions of might
 m - 5 potions of invisibility
 n - 2 potions of haste
 o - 17 potions of mutation
 p - 4 potions of resistance
 t - 22 potions of curing
 z - 10 potions of brilliance
 F - 18 potions of lignification
 O - 8 potions of attraction
 T - 10 potions of heal wounds
 Y - 5 potions of cancellation
 Z - 3 potions of ambrosia
Miscellaneous
 f - a lightning rod (4/4)
 C - a condenser vane (inert)
 M - a phial of floods
 R - a box of beasts
 S - a phantom mirror
 V - a tin of tremorstones (2/2)


   Skills:
 + Level 19.7 Fighting
 - Level 11.0 Short Blades
 - Level 6.0 Armour
 + Level 20.7 Dodging
 + Level 23.2 Stealth
 - Level 8.0 Spellcasting
 - Level 11.0 Conjurations
 - Level 6.0 Hexes
 - Level 3.0 Summonings
 - Level 2.0 Translocations
 - Level 4.0 Transmutations
 - Level 16.0 Air Magic
 - Level 2.0 Poison Magic
 * Level 25.9 Invocations
 - Level 11.0 Evocations


You had 6 spell levels left.
You knew the following spells:

 Your Spells              Type           Power      Damage    Failure   Level
a - Magic Dart            Conj           100%       1d8       1%          1
b - Blink                 Tloc           32%        N/A       5%          2
c - Call Imp              Summ           21%        N/A       3%          2
d - Mephitic Cloud        Conj/Pois/Air  49%        N/A       1%          3
e - Dazzling Flash        Conj/Hex       88%        N/A       1%          3
f - Iskenderun's Mystic   Conj/Tloc      35%        2d8       5%          4
g - Wereblood             Tmut           25%        N/A       2%          2
h - Passwall              Tmut/Erth      13%        N/A       5%          2
i - Swiftness             Air            66%        N/A       1%          3
j - Arcjolt               Conj/Air       30%        1d40      1%          5
k - Vhi's Electric Charg  Tloc/Air       92%        N/A       1%          3
l - Silence               Hex/Air        26%        N/A       2%          5
m - Apportation           Tloc           32%        N/A       3%          1

Your spell library contained the following spells:

 Spells                   Type           Power      Damage    Failure   Level
 Beastly Appendage        Tmut           50%        N/A       1%          1
 Foxfire                  Conj/Fire      100%       2x1d9     1%          1
 Slow                     Hex            100%       N/A       1%          1
 Cigotuvi's Dreadful Rot  Necr/Pois/Air  66%        N/A       1%          2
 Momentum Strike          Conj/Tloc      70%        3d9       1%          2
 Poisonous Vapours        Pois/Air       92%        N/A       1%          2
 Searing Ray              Conj           100%       2d8       1%          2
 Static Discharge         Conj/Air       100%       2-7/arc   1%          2
 Confusing Touch          Hex            33%        N/A       1%          3
 Kindle Blastsparks       Fire/Tloc/Air  66%        2d15      1%          3
 Tukima's Dance           Hex            33%        N/A       1%          3
 Airstrike                Air            33%        2d(5-21)  1%          4
 Summon Lightning Spire   Summ/Air       48%        N/A       1%          4
 Lightning Bolt           Conj/Air       30%        1d47      1%          5
 Sting                    Tmut/Pois      84%        1d7       2%          1
 Summon Small Mammal      Summ           84%        N/A       2%          1
 Hailstorm                Conj/Ice       31%        3d8       2%          3
 Fulminant Prism          Conj/Hex       22%        3d12      2%          4
 Iskenderun's Battlesphe  Conj           53%        2d10      2%          5
 Ensorcelled Hibernation  Hex/Ice        42%        N/A       3%          2
 Portal Projectile        Hex/Tloc       50%        N/A       4%          3
 Lesser Beckoning         Tloc           32%        N/A       5%          2
 Call Canine Familiar     Summ           21%        N/A       7%          3
 Spider Form              Tmut/Pois      21%        N/A       7%          3
 Freeze                   Ice            32%        1d5       8%          1
 Necrotise                Necr           32%        1d5       8%          1
 Flame Wave               Conj/Fire      31%        2d9       9%          4
 Sticky Flame             Conj/Fire      31%        2d5       9%          4
 Irradiate                Conj/Tmut      19%        3d18      10%         5
 Gell's Gravitas          Tloc           16%        N/A       11%         3
 Ignite Poison            Fire/Tmut/Pois 16%        N/A       11%         3
 Scorch                   Fire           16%        2d6       12%         2
 Sublimation of Blood     Necr           8%         N/A       12%         2
 Anguish                  Hex/Necr       10%        N/A       22%         4
 Leda's Liquefaction      Hex/Erth       10%        N/A       22%         4
 Fireball                 Conj/Fire      15%        3d8       22%         5
 Frozen Ramparts          Ice            16%        1d3       24%         3
 Ozocubu's Armour         Ice            8%         N/A       24%         3
 Vampiric Draining        Necr           8%         2d6       24%         3
 Yara's Violent Unravell  Hex/Tmut       14%        3d7       28%         5
 Ice Form                 Ice/Tmut       16%        N/A       34%         4
 Manifold Assault         Tloc           16%        N/A       34%         4
 Olgreb's Toxic Radiance  Pois           16%        N/A       34%         4
 Passage of Golubria      Tloc           16%        N/A       34%         4
 Petrify                  Tmut/Erth      16%        N/A       34%         4
 Summon Mana Viper        Hex/Summ       27%        N/A       34%         5
 Animate Armour           Summ/Erth      28%        N/A       38%         4
 Blade Hands              Tmut           12%        N/A       38%         5
 Alistair's Intoxication  Tmut/Pois      14%        N/A       54%         5
 Metabolic Englaciation   Hex/Ice        10%        N/A       54%         5
 Animate Dead             Necr           8%         N/A       61%         4
 Summon Forest            Summ/Tloc      9%         N/A       61%         5
 Iron Shot                Conj/Erth      15%        9d4       77%         6
 Starburst                Conj/Fire      15%        6d6       77%         6
 Agony                    Necr           8%         N/A       91%         5
 Borgnjor's Vile Clutch   Necr/Erth      4%         N/A       91%         5
 Eringya's Noxious Bog    Tmut/Pois      10%        N/A       98%         6
 Summon Cactus Giant      Summ           10%        N/A       98%         6
 Death Channel            Necr           4%         N/A       100%        6
 Simulacrum               Ice/Necr       4%         N/A       100%        6
 Maxwell's Capacitive Co  Air            33%        ∞         58%         8
 Storm Form               Tmut/Air       25%        N/A       73%         7
 Spellforged Servitor     Conj/Summ      18%        N/A       98%         7
 Enfeeble                 Hex            16%        N/A       99%         7
 Dragon Form              Tmut           12%        N/A       100%        7
 Haunt                    Necr/Summ      7%         N/A       100%        7
 Malign Gateway           Summ/Tloc      9%         N/A       100%        7
 Ozocubu's Refrigeration  Ice            4%         4d8       100%        7
 Borgnjor's Revivificati  Necr           4%         N/A       100%        8
 Ignition                 Fire           4%         3d4       100%        8
 Infestation              Necr           4%         N/A       100%        8
 Necromutation            Tmut/Necr      8%         N/A       100%        8
 Summon Horrible Things   Summ           10%        N/A       100%        8
 Chain Lightning          Conj/Air       30%        3d40      100%        9
 Death's Door             Necr           4%         N/A       100%        9
 Dragon's Call            Summ           10%        N/A       100%        9
 Fire Storm               Conj/Fire      15%        8d4       100%        9
 Shatter                  Erth           4%         3d7*      100%        9


Dungeon Overview and Level Annotations

Branches:
Dungeon (15/15)            Temple (1/1) D:6            Lair (5/5) D:8
 Shoals (1/4) Lair:2        Snake (4/4) Lair:2        Slime (5/5) Lair:4
    Orc (2/2) D:9             Elf (3/3) Orc:2        Vaults (5/5) D:13
  Crypt (0/3) Vaults:2     Depths (4/4) D:15            Zot (5/5) Depths:4
 Bailey (visited)           IceCv (visited)         Desolation (visited)
Gauntlet (visited)

Altars:
Ashenzari
Cheibriados
Dithmenos
Elyvilon
Fedhas
Gozag
Hepliaklqana
Kikubaaqudgha
Makhleb
Nemelex Xobeh
Okawaru
Qazlal
Ru
Sif Muna
Trog
Uskayaw
Vehumet
Wu Jian
Xom
Yredelemnul
Zin
The Shining One
Jiyva
Lugonu

Shops:
D:9 :   Orc:2 [[[(=   Snake:1 [[   Vaults:4 =   Depths:1 =:=   Depths:2 (
Depths:4 *

Portals:
Hell: Depths:1 Depths:2 Depths:3 Depths:4
Abyss: Depths:1 Depths:2 Depths:3 Depths:4
Pandemonium: Depths:2 Depths:3
Ziggurat: Depths:3

Annotations:
D:8 Maggie
D:9 Joseph
D:13 Jorgrun
Lair:2 3 runed translucent doors, exclusions: 3 doors and downstairs, BubbleThief's ghost, journeyman NaVM
Shoals:1 !Fuck no, Roxanne
Orc:1 3 runed translucent doors, exclusion: 3 doors, Gogrithru's ghost, journeyman MeRe
Depths:1 4 transporters


Innate Abilities, Weirdness & Mutations

You have a beak for a mouth.
You have claws for feet.
Your magical nature lets you fly swiftly and evasively.
You are weak. (Str -2)


Message History

A great orb of eyes comes into view.
You puncture the great orb of eyes!
Your weapon exudes an aura of protection.
You claw the great orb of eyes. You puncture the great orb of eyes!
You hit the great orb of eyes but do no damage.
You claw the great orb of eyes.
You peck the great orb of eyes, but do no damage.
You hit the great orb of eyes.
The great orb of eyes barely misses you.
The great orb of eyes completely misses you.
You barely miss the great orb of eyes.
You claw the great orb of eyes, but do no damage.
You peck the great orb of eyes. You hit the great orb of eyes.
You puncture the great orb of eyes!
You claw the great orb of eyes, but do no damage.
You hit the great orb of eyes. You hit the great orb of eyes.
You claw the great orb of eyes, but do no damage.
You peck the great orb of eyes, but do no damage.
You hit the great orb of eyes but do no damage.
The great orb of eyes closely misses you.
You hit the great orb of eyes.
You claw the great orb of eyes, but do no damage.
You peck the great orb of eyes, but do no damage.
You hit the great orb of eyes but do no damage.
You can now pass through a line of other dancers.
You puncture the great orb of eyes!
You kill the great orb of eyes!
You can no longer pass through a line of other dancers.
Aiming: Dig
Press: ? - help, Shift-Dir - straight line A rock wall.
This square is covered in magical glow.
The rock shatters into small pieces.
A balrug comes into view.
It is wielding a +0 demon whip of venom.
A sun demon comes into view. x2
Blink to where?
Press: ? - help, Dir - move target
As you read the scroll of blinking, it crumbles to dust.
You have escaped!

#.....####.###..# #..
#...............# #..
###......##.#####.########..
#..............>............
#.......##########....g.....
#.......# ###############..
#.....### ##..♣....♣.## #..
####†## ##...........#####.
#####.#####.@......♣..♣......
#......##~........2....#####.
#......##..............# #..
#......#♣...........2..♣###.#
#......#♣.......3........#∩##
#......##.....♣^....⌠......##
#......###∩#...........3...##
#......# #.∩...)............#
#......# ###...............♣#


You could see a balrug and a sun demon.

Vanquished Creatures
  the Royal Jelly (Slime:5)
  8 ancient liches
  4 orbs of fire
  Mara (Snake:4)
  Boris (Vaults:4)
  The ghost of Dameikh the Hoplite, a veteran FoFi of Nemelex Xobeh (Depths:1)
  11 Killer Klowns (Zot:5)
  Xtahua (Vaults:4)
  Saint Roka (Vaults:4)
  2 curse toes
  4 golden dragons
  Nikola (Depths:1)
  A profane servitor (Zot:4)
  Jory (Vaults:4)
  3 doom hounds (Depths:3)
  An iron giant (Zot:1)
  4 electric golems
  17 tentacled monstrosities
  25 Orb Guardians (Zot:5)
  A Hell Sentinel (Zot:4)
  A lich (Depths:4)
  Grunn (Depths:3)
  A walking divine tome (Depths:2)
  A deep elf master archer (Elf:3)
  2 deep elf blademasters
  2 titans
  6 quicksilver dragons
  10 acid blobs
  An Executioner (Zot:3)
  Frances (Snake:1)
  9 death cobs
  5 tengu reavers
  Kirke (D:14)
  5 sphinxes
  7 shadow dragons
  Donald (Vaults:4)
  14 draconian monks
  2 nagarajas
  2 iron dragons
  9 rockslimes
  6 azure jellies
  7 storm dragons
  5 draconian knights
  10 fire giants
  Aizul (Snake:1)
  A ghost moth (Zot:5)
  5 deep elf elementalists (Elf:3)
  2 draconian scorchers
  3 frost giants
  17 vault wardens
  7 deep elf sorcerers
  2 angels (Vaults:2)
  An imperial myrmidon (Desolation)
  3 orc warlords
  A spriggan defender (Depths:3)
  A balrug (D:10)
  3 quicksilver oozes
  Louise (D:15)
  5 draconian stormcallers
  7 draconian shifters
  A reaper (IceCv)
  4 draconian annihilators
  16 ironbound preservers
  34 very ugly things
  3 cacodemons (Depths:1)
  11 stone giants
  5 war gargoyles
  9 ironbound thunderhulks
  A vampire knight (Depths:1)
  A lorocyproca (Abyss:6)
  6 black draconians
  3 spark wasps
  22 white draconians
  7 deep elf demonologists
  2 halazid warlocks (Desolation)
  14 yellow draconians
  6 green draconians
  10 red draconians
  Azrael (Elf:2)
  The ghost of Newt the Skirmisher, a journeyman KoHu of Hepliaklqana (Lair:5)
  7 purple draconians
  8 deep elf annihilators
  19 ettins
  9 dire elephants
  A minotaur (Gauntlet)
  Snorg (Orc:1)
  A green death (Gauntlet)
  5 deep elf death magi
  A crystal guardian (Desolation)
  14 fire dragons
  A merfolk javelineer (Depths:3)
  A merfolk impaler (Depths:1)
  5 blizzard demons
  5 deep elf high priests
  An entropy weaver (Vaults:4)
  2 jiangshi (Depths:3)
  20 yaktaur captains
  13 great orbs of eyes
  A great orb of eyes (shapeshifter) (Vaults:1)
  Fannar (Orc:1)
  6 ragged hierophants (Desolation)
  Harold (Orc:1)
  2 rakshasas
  37 vault guards
  12 ice dragons
  4 ogre magi
  3 servants of whispers (Desolation)
  10 peacekeepers
  7 hydras
  7 salamander tyrants
  8 ironbound frosthearts
  3 spriggan air magi
  6 two-headed ogres
  10 anacondas
  10 centaur warriors
  A hell beast (D:11)
  4 catoblepae
  A two-headed ogre (shapeshifter) (Depths:1)
  16 death yaks
  9 naga warriors
  A tengu warrior (Depths:1)
  A boulder beetle (D:14)
  6 deep troll shamans
  36 dancing weapons
  6 deep troll earth magi
  3 thrashing horrors
  An orc high priest (Orc:2)
  12 shock serpents
  14 naga sharpshooters
  3 spriggan berserkers
  2 spriggans
  4 sun demons (D:10)
  23 deep elf knights
  2 wretched stars (Abyss:6)
  4 hell knights (Depths:1)
  2 spatial maelstroms
  6 salamander mystics (Snake:4)
  Amaemon (D:11)
  A shadow wraith (Vaults:4)
  7 sea snakes
  7 iron trolls
  Lodul (D:13)
  A sea snake (shapeshifter) (Vaults:5)
  4 skysharks
  7 glowing orange brains
  59 deep trolls
  14 orc knights
  4 naga ritualists
  5 phantasmal warriors
  10 harpies
  18 ironbound convokers
  33 deep elf zephyrmancers
  8 wizards
  19 deep elf archers
  29 deep elf pyromancers
  2 necromancers (Depths:1)
  An orange crystal statue (Abyss:4)
  8 lindwurms
  An oklob plant (Gauntlet)
  51 ugly things
  An orc sorcerer (Orc:1)
  A faun (shapeshifter) (Depths:1)
  A shining eye (Slime:1)
  8 mana vipers
  5 cyclopes
  22 salamanders
  25 moths of wrath
  4 manticores
  A mana viper (shapeshifter) (Depths:4)
  17 vault sentinels
  11 guardian serpents
  26 black mambas
  2 merfolk sirens (Lair:2)
  3 smoke demons (Abyss:6)
  A guardian serpent (shapeshifter) (Depths:1)
  2 ice statues (IceCv)
  7 naga magi
  10 elephants
  An eye of devastation (Slime:5)
  8 cane toads
  A molten gargoyle (Desolation)
  3 orange demons
  2 gargoyles
  2 unseen horrors
  8 komodo dragons
  3 unseen horror zombies (D:9)
  37 yaktaurs
  3 freezing wraiths
  2 efreet (Abyss:6)
  2 tengu conjurers
  2 kobold demonologists (Bailey)
  9 ice devils
  3 rime drakes
  2 merfolk (Lair:2)
  4 red devils (Elf:1)
  A komodo dragon (shapeshifter) (Vaults:5)
  A meliai (shapeshifter) (Depths:1)
  6 meliai
  A wind drake (shapeshifter) (Depths:1)
  7 trolls
  A raiju (shapeshifter) (Vaults:5)
  A hellwing (Abyss:4)
  9 raiju (Abyss:6)
  54 saltlings (Desolation)
  2 hornets
  2 polar bears
  4 dream sheep (Lair:5)
  16 blink frogs
  11 water elementals
  38 slime creatures
  A culicivora (shapeshifter) (Vaults:5)
  A jumping spider (shapeshifter) (Depths:1)
  A jumping spider (Vaults:4)
  2 shadows
  2 vampires
  5 ynoxinuls (Depths:3)
  5 air elementals
  3 wraiths
  2 golden eyes
  6 fire elementals
  6 wyverns
  8 large abominations
  A steam dragon (D:9)
  A fire bat (shapeshifter) (D:12)
  3 golden eyes (shapeshifter)
  54 yaks
  A redback (Vaults:4)
  3 hogs (D:14)
  5 neqoxecs (Abyss:4)
  A redback (shapeshifter) (Vaults:5)
  A death yak simulacrum (IceCv)
  4 vampire mosquitoes
  32 nagas
  10 wargs
  A spatial vortex (Abyss:4)
  3 acid dragons
  3 small abominations
  A water moccasin (shapeshifter) (Depths:1)
  10 water moccasins
  4 hell hounds (Elf:2)
  A meliai simulacrum (D:14)
  33 orc warriors
  2 black bears (shapeshifter)
  4 black bears
  2 ice beasts (D:6)
  2 sky beasts
  23 ogres
  15 wolves
  8 boggarts
  A boggart (shapeshifter) (Depths:1)
  7 centaurs
  A kobold brigand (D:9)
  A phantom (D:4)
  15 bullfrogs
  5 scorpions
  5 necrophages
  3 two-headed ogre simulacra (IceCv)
  5 earth elementals
  2 cane toad simulacra (IceCv)
  10 wights
  An elephant simulacrum (IceCv)
  3 killer bees (D:9)
  4 howler monkeys
  8 electric eels
  A centaur zombie (D:9)
  3 gnoll boudas
  4 hounds
  A human zombie (D:9)
  23 orc priests
  14 jellies
  5 iguanas
  30 orc wizards
  2 polar bear simulacra (IceCv)
  A spriggan simulacrum (IceCv)
  2 wolf simulacra (IceCv)
  3 troll simulacra (IceCv)
  4 mummies (D:9)
  A howler monkey zombie (D:9)
  27 gnolls
  4 adders
  3 naga simulacra (IceCv)
  2 shadow imps (D:5)
  6 white imps
  2 ufetubi
  3 worms (D:2)
  3 dart slugs
  90 orcs
  7 endoplasms
  2 giant cockroaches (D:2)
  14 goblins
  7 hobgoblins
  11 kobolds
  6 quokkas
  11 ball pythons
  21 bats
  2 frilled lizards
  5 rats
2159 creatures vanquished.

Vanquished Creatures (collateral kills)
  An ironbound preserver (Vaults:3)
  A deep elf knight (Elf:1)
  A thrashing horror (Abyss:5)
  An orc high priest (Orc:2)
  A worldbinder (Abyss:5)
  2 air elementals (Elf:1)
  A large abomination (Abyss:5)
  An orc warrior (Orc:2)
  A scorpion (D:4)
  A wight (D:6)
  A gnoll bouda (D:7)
  An orc priest (D:8)
  An iguana (D:5)
  An orc wizard (D:3)
  An orc (D:3)
16 creatures vanquished.

Vanquished Creatures (others)
  An ironbound convoker (Vaults:2)
  A human (D:14)
  A demonic plant (Gauntlet)
  26 fungi
  91 plants
  2 starspawn tentacles (Abyss:4)
122 creatures vanquished.

Grand Total: 2297 creatures vanquished

Notes
Turn   | Place    | Note
-------+----------+-------------------------------------------
     0 | D:1      | browni3141 the Tengu Hedge Wizard began the quest for the
                  | Orb.
     0 | D:1      | Reached XP level 1. HP: 10/10 MP: 5/5
   237 | D:1      | Reached XP level 2. HP: 14/15 MP: 0/7
   802 | D:1      | Reached XP level 3. HP: 19/19 MP: 6/8
  1371 | D:2      | Identified the +4 spear "Suosim" {venom, SInv}
  1601 | D:2      | Learned a level 2 spell: Blink
  1684 | D:2      | Learned a level 2 spell: Call Imp
  1711 | D:2      | Reached XP level 4. HP: 24/24 MP: 1/9
  1798 | D:2      | Reached skill level 1 in Translocations
  1931 | D:2      | Found a faded altar of an unknown god.
  2234 | D:2      | Found a shadowy altar of Dithmenos.
  2709 | D:3      | Reached skill level 5 in Conjurations
  2840 | D:3      | Gained mutation: Your magical nature lets you fly swiftly
                  | and evasively. [Tengu growth]
  2840 | D:3      | Reached XP level 5. HP: 15/28 MP: 1/10
  3588 | D:3      | Reached skill level 1 in Fighting
  4137 | D:4      | Reached XP level 6. HP: 30/35 MP: 5/11
  4391 | D:4      | Learned a level 3 spell: Mephitic Cloud
  4538 | D:4      | Found a shimmering altar of Xom.
  4657 | D:4      | Reached skill level 1 in Air Magic
  4721 | D:4      | Reached skill level 1 in Poison Magic
  5141 | D:5      | Entered Level 5 of the Dungeon
  5141 | D:5      | Found a sparkling altar of Nemelex Xobeh.
  5172 | D:4      | Reached XP level 7. HP: 37/40 MP: 2/12
  5697 | D:5      | Found a blossoming altar of Fedhas.
  5893 | D:5      | Found a shimmering blue altar of Sif Muna.
  5893 | D:5      | Found an iron altar of Okawaru.
  5894 | D:5      | Found a white marble altar of Elyvilon.
  5940 | D:5      | Reached skill level 1 in Armour
  5940 | D:5      | Reached XP level 8. HP: 38/44 MP: 6/13
  6185 | D:5      | Reached skill level 5 in Air Magic
  6459 | D:5      | Found an opulent altar of Gozag.
  6748 | D:5      | Found a shadowy altar of Dithmenos.
  7546 | D:6      | Reached skill level 5 in Stealth
  8035 | D:5      | Reached XP level 9. HP: 45/48 MP: 10/14
  8951 | D:6      | Found a staircase to the Ecumenical Temple.
  9225 | Temple   | Entered the Ecumenical Temple
  9383 | Temple   | Became a worshipper of Uskayaw the Reveller
  9424 | D:7      | You are sucked into a shaft and drop 1 floor!
  9466 | D:7      | Reached * piety under Uskayaw
  9473 | D:7      | Reached ** piety under Uskayaw
  9727 | D:6      | Reached skill level 1 in Short Blades
 10482 | D:7      | Found a basalt altar of Yredelemnul.
 10953 | D:8      | Noticed an unseen horror
 10961 | D:8      | Killed an unseen horror
 11003 | D:8      | Found an ornate altar of the Wu Jian Council.
 11192 | D:8      | Noticed Maggie
 11242 | D:8      | Found a glowing silver altar of Zin.
 11255 | D:8      | Found a staircase to the Lair.
 11512 | D:8      | Reached skill level 1 in Evocations
 11522 | D:8      | Reached skill level 1 in Invocations
 11522 | D:8      | Reached XP level 10. HP: 27/56 MP: 3/15
 11699 | D:8      | Reached *** piety under Uskayaw
 11989 | D:9      | Found a staircase to the Orcish Mines.
 12285 | D:9      | Found a flagged portal.
 12290 | D:9      | Noticed Joseph
 12308 | D:9      | Reached skill level 2 in Invocations
 12319 | D:9      | Found the +4 skin of Zhor {*Englaciate rC+++ SInv}
 12416 | Bailey   | Entered a bailey
 12552 | Bailey   | Reached skill level 5 in Dodging
 12711 | Bailey   | Reached skill level 3 in Invocations
 12737 | Bailey   | Noticed a kobold demonologist
 12873 | Bailey   | Noticed an orc knight
 12914 | Bailey   | Killed a kobold demonologist
 12944 | Bailey   | Killed an orc knight
 12945 | Bailey   | Reached skill level 4 in Invocations
 13104 | Bailey   | Noticed an orc knight
 13142 | Bailey   | Killed an orc knight
 13143 | Bailey   | Reached skill level 5 in Invocations
 13242 | Bailey   | Noticed an orc knight
 13307 | Bailey   | Killed an orc knight
 13308 | Bailey   | Reached skill level 6 in Invocations
 13308 | Bailey   | Reached XP level 11. HP: 38/61 MP: 16/16
 13423 | Bailey   | Found an iron altar of Okawaru.
 13505 | Bailey   | Reached skill level 7 in Invocations
 13674 | Bailey   | Acquired the +12 pair of quick blades "Gyre" and "Gimble"
                  | {protect}
 13674 | Bailey   | Found the +12 pair of quick blades "Gyre" and "Gimble"
                  | {protect}
 13717 | D:9      | Found an ancient bone altar of Kikubaaqudgha.
 13718 | D:9      | Reached **** piety under Uskayaw
 13722 | D:9      | Reached ***** piety under Uskayaw
 13735 | D:9      | Reached ****** piety under Uskayaw
 13876 | D:9      | Noticed a two-headed ogre
 13880 | D:9      | Reached skill level 8 in Invocations
 13887 | D:9      | Killed a two-headed ogre
 13938 | D:9      | Found Odwecw's Book Shop.
 13943 | D:9      | Bought a book of Spectacle for 352 gold pieces
 13947 | D:9      | Learned a level 3 spell: Dazzling Flash
 13952 | D:9      | Learned a level 4 spell: Iskenderun's Mystic Blast
 14034 | D:9      | Noticed a green ugly thing
 14040 | D:9      | Killed a green ugly thing
 14046 | D:9      | Noticed a centaur warrior
 14051 | D:9      | Noticed a centaur warrior
 14056 | D:9      | Killed a centaur warrior
 14062 | D:9      | Killed a centaur warrior
 14064 | D:9      | Noticed a two-headed ogre
 14071 | D:9      | Noticed a centaur warrior
 14073 | D:9      | Killed a centaur warrior
 14351 | D:9      | Reached XP level 12. HP: 68/68 MP: 16/19
 14384 | D:9      | Killed a two-headed ogre
 14396 | D:9      | Reached skill level 5 in Armour
 14425 | D:9      | Reached skill level 5 in Fighting
 14627 | D:9      | Reached skill level 9 in Invocations
 14810 | D:10     | Entered Level 10 of the Dungeon
 14905 | D:10     | Found a sacrificial altar of Ru.
 15188 | D:10     | Found a radiant altar of Vehumet.
 15246 | D:11     | Reached skill level 5 in Spellcasting
 15558 | D:11     | Reached skill level 10 in Conjurations
 15855 | D:11     | Noticed Amaemon
 15866 | D:11     | Killed Amaemon
 15867 | D:11     | Reached skill level 5 in Short Blades
 16011 | D:11     | Learned a level 2 spell: Wereblood
 16446 | D:12     | Reached skill level 1 in Transmutations
 16556 | D:12     | Reached skill level 10 in Stealth
 16764 | D:12     | Reached XP level 13. HP: 69/72 MP: 21/23
 17335 | Lair:1   | Entered Level 1 of the Lair of Beasts
 17353 | Lair:1   | Found a gate leading to a gauntlet.
 17396 | Gauntlet | Entered a Gauntlet
 17396 | Gauntlet | Found a transporter.
 17396 | Gauntlet | Found a transporter.
 17396 | Gauntlet | Found a transporter.
 17397 | Gauntlet | Found a transporter.
 17400 | Gauntlet | Found a transporter.
 17400 | Gauntlet | Found a transporter.
 17405 | Gauntlet | Noticed a blizzard demon
 17410 | Gauntlet | Found the amulet of Vitality {RegenMP++ Regen++}
 17414 | Gauntlet | Found a transporter.
 17414 | Gauntlet | Found a transporter.
 17424 | Gauntlet | Found a transporter.
 17431 | Gauntlet | Noticed a green death
 17526 | Gauntlet | Found a transporter.
 17530 | Gauntlet | Found a transporter.
 17540 | Gauntlet | Found a transporter.
 17749 | Gauntlet | Killed a blizzard demon
 17786 | Gauntlet | Killed a green death
 17809 | Gauntlet | Identified the +4 ring mail of the Arcane {Drain +Blink
                  | rElec SInv}
 17809 | Gauntlet | Identified the ring "Cauvvuf" {Ice +Blink rPois rCorr
                  | Int-5}
 17809 | Gauntlet | Noticed a minotaur
 17822 | Gauntlet | Killed a minotaur
 17833 | Gauntlet | Found the +7 Spriggan's Knife {stab, EV+4 Stlth+}
 17838 | Gauntlet | Identified the +1 scale mail of Ybbad {Regen+ Slay+3}
 18681 | Lair:2   | Found a staircase to the Snake Pit.
 18682 | Lair:2   | You are sucked into a shaft and drop 1 floor!
 18881 | Lair:3   | Reached XP level 14. HP: 78/79 MP: 26/26
 19208 | Lair:3   | Reached skill level 5 in Evocations
 19456 | Lair:2   | Found a staircase to the Shoals.
 19512 | Lair:2   | Reached skill level 10 in Invocations
 19862 | Lair:2   | Found a runed translucent gate.
 19862 | Lair:2   | Found a runed translucent gate.
 19863 | Lair:2   | Found a runed translucent gate.
 19865 | Lair:2   | Noticed BubbleThief's ghost (journeyman NaVM)
 20139 | Lair:4   | Found a staircase to the Slime Pits.
 20296 | Lair:4   | Reached XP level 15. HP: 85/85 MP: 28/28
 20825 | Slime:1  | Entered Level 1 of the Pits of Slime
 20825 | Slime:1  | Noticed an acid blob
 20860 | Lair:5   | Entered Level 5 of the Lair of Beasts
 20885 | Lair:5   | Reached skill level 15 in Stealth
 21091 | Lair:5   | Reached skill level 11 in Invocations
 21351 | Lair:5   | Identified the +1 leather armour "Yfipiuwkof" {-Tele rPois
                  | rCorr Str+2}
 21688 | Lair:5   | Reached XP level 16. HP: 96/96 MP: 29/29
 21697 | Lair:5   | Found a large runed translucent door.
 21697 | Lair:5   | Found a large runed translucent door.
 21774 | Lair:5   | Noticed Newt's ghost (journeyman KoHu)
 21783 | Lair:5   | Killed Newt's ghost
 22155 | Orc:1    | Entered Level 1 of the Orcish Mines
 22253 | Orc:1    | Found a runed translucent gate.
 22253 | Orc:1    | Found a runed translucent gate.
 22253 | Orc:1    | Found a runed translucent gate.
 22256 | Orc:1    | Noticed Gogrithru's ghost (journeyman MeRe)
 22276 | Orc:1    | You are sucked into a shaft and drop 1 floor!
 22276 | Orc:2    | Entered Level 2 of the Orcish Mines
 22276 | Orc:2    | Found Cyuff's Antique Armour Shoppe.
 22285 | Orc:2    | Found Hulas's Antique Weapon Emporium.
 22525 | Orc:1    | Noticed Snorg
 22624 | Orc:2    | Bought the -2 hat of the Alchemist {rElec rPois rF+ rC+ rN+
                  | Will+ rMut rCorr} for 1180 gold pieces
 22624 | Orc:2    | Found the -2 hat of the Alchemist {rElec rPois rF+ rC+ rN+
                  | Will+ rMut rCorr}
 22859 | Orc:2    | Found Jymaxuoh's Armour Shop.
 22898 | Orc:2    | Found a staircase to the Elven Halls.
 22955 | Orc:2    | Found Humitize's Armour Shop.
 23163 | Orc:2    | Found Dauttef's Jewellery Emporium.
 23271 | Orc:1    | Noticed Harold
 23299 | Orc:1    | Killed Harold
 23561 | Orc:1    | Noticed Fannar
 23568 | Orc:1    | Killed Fannar
 23578 | Orc:1    | Killed Snorg
 23915 | D:13     | Noticed Lodul
 23924 | D:13     | Killed Lodul
 23992 | D:13     | Found a frozen archway.
 24016 | IceCv    | Entered an ice cave
 24590 | D:13     | Reached skill level 12 in Invocations
 24620 | D:13     | Found a gate to the Vaults.
 25069 | D:13     | Noticed Jorgrun
 25460 | D:14     | Reached skill level 10 in Fighting
 25494 | D:14     | Noticed Kirke
 25513 | D:14     | Killed Kirke
 25740 | D:14     | Reached XP level 17. HP: 102/102 MP: 30/30
 26153 | D:14     | Learned a level 2 spell: Passwall
 26157 | D:14     | Learned a level 3 spell: Swiftness
 26225 | D:15     | Entered Level 15 of the Dungeon
 26245 | D:15     | Noticed Louise
 26255 | D:15     | Killed Louise
 26284 | D:15     | Found the ring of the Octopus King
 26297 | D:15     | Identified a ring of the Octopus King {Fly HP+2 AC+2 EV+2
                  | SH+2}
 26340 | D:15     | Found a staircase to the Depths.
 26978 | Snake:1  | Entered Level 1 of the Snake Pit
 26988 | Snake:1  | Noticed Frances
 27178 | Snake:1  | Reached skill level 10 in Evocations
 27192 | Snake:1  | Killed Frances
 27337 | Snake:1  | Reached skill level 10 in Short Blades
 27410 | Snake:1  | Noticed Aizul
 27419 | Snake:1  | Killed Aizul
 27420 | Snake:1  | Reached skill level 10 in Dodging
 27756 | Snake:1  | Found Feiklol's Armour Boutique.
 27762 | Snake:1  | Found Pyiv Aru's Antique Armour Boutique.
 27995 | Snake:2  | Identified the +5 sling "Rurgh" {elec, Will+ Str+3}
 28939 | Snake:3  | Reached XP level 18. HP: 110/110 MP: 31/31
 29502 | Snake:4  | Entered Level 4 of the Snake Pit
 29510 | Snake:4  | Reached skill level 13 in Invocations
 29545 | Snake:4  | Noticed Mara
 29555 | Snake:4  | Killed Mara
 30663 | Snake:4  | Reached skill level 14 in Invocations
 30671 | Snake:4  | Got a serpentine rune of Zot
 30843 | Shoals:1 | Entered Level 1 of the Shoals
 30843 | Shoals:1 | Identified Roxanne's Thoughts on Grit
 30843 | Shoals:1 | Noticed Roxanne
 31000 | Elf:1    | Entered Level 1 of the Elven Halls
 31012 | Elf:1    | Paralysed by an air elemental for 1 turns
 31172 | Elf:1    | Reached XP level 19. HP: 117/117 MP: 32/32
 31504 | Elf:1    | Reached skill level 15 in Invocations
 31896 | Elf:1    | Identified the ring of Ujyarer {*Slow +Blink rPois rF+++
                  | MP+9}
 32471 | Elf:2    | Found a runed translucent gate.
 32472 | Elf:2    | Found a runed translucent gate.
 32472 | Elf:2    | Found a runed translucent gate.
 32783 | Elf:2    | Noticed Azrael
 32784 | Elf:2    | Killed Azrael
 32794 | Elf:2    | Reached skill level 16 in Invocations
 33170 | Elf:3    | Entered Level 3 of the Elven Halls
 33494 | Elf:3    | Reached XP level 20. HP: 126/126 MP: 33/33
 33568 | Elf:3    | Paralysed by an air elemental for 1 turns
 33593 | Elf:3    | Noticed a Brimstone Fiend
 33607 | Abyss:4  | Cast into level 4 of the Abyss (a deep elf sorcerer)
 33608 | Abyss:4  | Found a hide-covered altar of Uskayaw.
 33650 | Abyss:4  | Found a corrupted altar of Lugonu.
 33732 | Abyss:4  | Gained mutation: You are weak. (Str -2) [a neqoxec]
 33803 | Abyss:4  | Found a corrupted altar of Lugonu.
 33853 | Abyss:4  | Noticed an ancient lich
 33919 | Abyss:4  | Got an abyssal rune of Zot
 33927 | Abyss:4  | Paralysed by accursed screaming for 2 turns
 34002 | Abyss:5  | Reached skill level 17 in Invocations
 34018 | Abyss:5  | Found a corrupted altar of Lugonu.
 34030 | Abyss:6  | Noticed a dread lich
 34149 | Abyss:6  | Found a corrupted altar of Lugonu.
 34154 | Elf:3    | Escaped the Abyss
 34154 | Elf:3    | Identified the amulet of Miaxucil {Spirit Dex+2}
 34537 | Elf:3    | Identified the amulet "Ybotucu" {rF+ Regen+ Str-3 Int+7}
 34546 | Elf:3    | Identified the +4 sling "Ifa Lany" {heavy, rElec Will-
                  | rCorr Int+4}
 34713 | Elf:3    | Identified the +5 dagger of Kiogyvem {flame, rPois rC-
                  | Will+ Dex+8}
 35002 | Vaults:1 | Entered Level 1 of the Vaults
 35259 | Vaults:1 | Reached skill level 15 in Dodging
 35444 | Vaults:1 | Found a huge runed gate.
 35444 | Vaults:1 | Found a huge runed gate.
 35445 | Vaults:1 | Found a huge runed gate.
 35446 | Vaults:1 | Found a huge runed gate.
 35447 | Vaults:1 | Found a huge runed gate.
 35447 | Vaults:1 | Found a huge runed gate.
 35449 | Vaults:1 | Found a huge runed gate.
 35449 | Vaults:1 | Found a huge runed gate.
 35452 | Vaults:1 | Found a huge runed gate.
 35452 | Vaults:1 | Found a huge runed gate.
 35452 | Vaults:1 | Found a huge runed gate.
 35452 | Vaults:1 | Found a huge runed gate.
 35452 | Vaults:1 | Found a huge runed gate.
 35452 | Vaults:1 | Found a huge runed gate.
 35452 | Vaults:1 | Found a huge runed gate.
 35455 | Vaults:1 | Found a huge runed gate.
 35457 | Vaults:1 | Found a huge runed gate.
 35465 | Vaults:1 | Found a huge runed gate.
 35465 | Vaults:1 | Found a huge runed gate.
 35465 | Vaults:1 | Found a huge runed gate.
 35465 | Vaults:1 | Found a huge runed gate.
 35465 | Vaults:1 | Found a huge runed gate.
 35465 | Vaults:1 | Found a huge runed gate.
 35466 | Vaults:1 | Found a huge runed gate.
 35467 | Vaults:1 | Found a huge runed gate.
 35468 | Vaults:1 | Found a huge runed gate.
 35591 | Vaults:1 | Reached skill level 18 in Invocations
 35649 | Vaults:1 | Reached XP level 21. HP: 133/133 MP: 35/35
 35672 | Vaults:1 | Reached skill level 15 in Fighting
 35746 | Vaults:1 | Found a huge runed gate.
 35746 | Vaults:1 | Found a huge runed gate.
 35746 | Vaults:1 | Found a huge runed gate.
 35746 | Vaults:1 | Found a huge runed gate.
 35746 | Vaults:1 | Found a huge runed gate.
 35746 | Vaults:1 | Found a huge runed gate.
 35747 | Vaults:1 | Found a huge runed gate.
 35748 | Vaults:1 | Found a huge runed gate.
 35749 | Vaults:1 | Found a huge runed gate.
 35757 | Vaults:1 | Found a huge runed gate.
 36251 | Vaults:1 | Noticed an ancient lich
 36450 | Vaults:1 | Killed an ancient lich
 37710 | Vaults:2 | Found a crumbling gateway.
 37712 | Vaults:2 | Found a glowing silver altar of Zin.
 37712 | Vaults:2 | Found a glowing golden altar of the Shining One.
 37712 | Vaults:2 | Found a white marble altar of Elyvilon.
 37738 | Desolati | Entered the Desolation of Salt
 37821 | Desolati | Got the Vademecum on Allies and Coordinates
 37854 | Desolati | Found the +1 robe of Vines {NoPotionHeal Regen++++}
 37943 | Desolati | Reached skill level 19 in Invocations
 37991 | Desolati | Got Diypn's Information on Vicissitude and the Undead
 38000 | Desolati | Identified the +0 robe of Dithmenos's Approval {Int+4}
 38206 | Desolati | Found the dreamshard necklace {*Dream Drain}
 38296 | Desolati | Got Sif Muna's Lectures on Composition and Guile
 38299 | Desolati | Identified the ring of Atengoc {rF- Will+ Str-3 Int+7
                  | Dex+3}
 39100 | Vaults:2 | Reached XP level 22. HP: 142/142 MP: 36/36
 39203 | Vaults:2 | Acquired a scarf of shadows
 39212 | Vaults:2 | Found a staircase to the Crypt.
 39296 | Vaults:2 | Identified the +3 arbalest of Xom's Scorn {freeze, rElec
                  | rC- Str+3}
 39957 | Vaults:3 | Acquired 299 gold pieces
 39993 | Vaults:3 | Reached skill level 20 in Invocations
 40858 | Vaults:3 | Found a gateway to a bazaar.
 40914 | Bazaar   | Entered a bazaar
 40921 | Bazaar   | Found Tael's Distillery.
 40922 | Bazaar   | Found Foez's Antique Weapon Boutique.
 40925 | Bazaar   | Bought a potion of heal wounds for 55 gold pieces
 40925 | Bazaar   | Bought a potion of might for 44 gold pieces
 40925 | Bazaar   | Bought a potion of lignification for 33 gold pieces
 40925 | Bazaar   | Bought a potion of curing for 33 gold pieces
 40925 | Bazaar   | Bought 2 potions of curing for 66 gold pieces
 40942 | Bazaar   | Found Fuleag's Antique Weapon Shop.
 40951 | Bazaar   | Found Daecs's Book Emporium.
 40975 | Bazaar   | Bought a book of Lightning for 380 gold pieces
 40981 | Bazaar   | Learned a level 5 spell: Arcjolt
 41010 | Vaults:4 | Found Buosaeri's Jewellery Emporium.
 41034 | Vaults:4 | Bought the ring "Naoro" {rF+ rC+ Will- Slay+5 SInv} for 720
                  | gold pieces
 41092 | Vaults:4 | Noticed Boris
 41094 | Vaults:4 | Noticed Donald
 41101 | Vaults:4 | Killed Boris
 41104 | Vaults:4 | Killed Donald
 41110 | Vaults:4 | Noticed Xtahua
 41123 | Vaults:4 | Killed Xtahua
 41193 | Vaults:4 | Noticed Saint Roka
 41203 | Vaults:4 | Killed Saint Roka
 41353 | Vaults:4 | Noticed Jory
 41397 | Vaults:4 | Killed Jory
 41698 | Vaults:4 | Reached XP level 23. HP: 148/148 MP: 38/38
 41925 | Vaults:4 | Reached skill level 21 in Invocations
 42262 | Vaults:4 | Identified the +3 spear of Keweeh {antimagic, *Corrode Fly
                  | Dex+4}
 42319 | Vaults:5 | Entered Level 5 of the Vaults
 42354 | Vaults:5 | Reached skill level 10 in Air Magic
 42365 | Vaults:5 | Noticed an ancient lich
 42376 | Vaults:5 | Killed an ancient lich
 42418 | Vaults:5 | Got Buirud's Volume of the Comitatus and Peregrination
 42501 | Vaults:5 | Noticed an ancient lich
 42514 | Vaults:5 | Noticed a golden dragon
 42517 | Vaults:5 | Killed a golden dragon
 42534 | Vaults:5 | Killed an ancient lich
 42648 | Vaults:5 | Reached skill level 22 in Invocations
 42781 | Vaults:5 | Noticed an ancient lich
 42782 | Vaults:5 | Identified the +11 mace of Floral Blind Justice {holy,
                  | Dex+2}
 42783 | Vaults:5 | Identified the ring of Optim {Ice rElec Str+4 Int+2}
 42837 | Vaults:4 | Killed an ancient lich
 42870 | Vaults:5 | Learned a level 3 spell: Vhi's Electric Charge
 42990 | Vaults:5 | Got the Vellum of Despair
 43142 | Vaults:5 | Got the Directory of Beguiling Calefaction
 43267 | Vaults:5 | Got the Thoughts on the Discontinuous Coals
 43392 | Vaults:5 | Reached XP level 24. HP: 132/154 MP: 39/39
 43511 | Vaults:5 | Found the +9 scales of the Dragon King {rPois rF+ rC+
                  | Will+}
 43523 | Vaults:5 | Found the +8 frozen axe "Frostbite" {freeze, freezing
                  | cloud, *Noise Fly rC+}
 43536 | Vaults:5 | Got a silver rune of Zot
 43566 | Vaults:5 | Identified the +2 great sword "Oqoidgh" {flame, SInv}
 43630 | Vaults:5 | Identified the ring of Wemocym {rPois Int+3 Dex+4}
 44226 | Depths:1 | Entered Level 1 of the Depths
 44311 | Depths:1 | Found Gaokhlol's Jewellery Shoppe.
 44312 | Depths:1 | Found Assupt's Book Boutique.
 44313 | Depths:1 | Found Waiq's Jewellery Shoppe.
 44319 | Depths:1 | Bought the ring of Dim Light {rF+ rC+ Will+ Int+3} for 1068
                  | gold pieces
 44325 | Depths:1 | Bought the Annotations on Feathery Toxins for 680 gold
                  | pieces
 44331 | Depths:1 | Learned a level 5 spell: Silence
 44341 | Depths:1 | Found a radiant altar of Vehumet.
 44348 | Depths:1 | Found a corrupted altar of Lugonu.
 44348 | Depths:1 | Found a one-way gate to the infinite horrors of the Abyss.
 44416 | Depths:1 | Found a gateway to Hell.
 44602 | Depths:1 | Reached skill level 1 in Hexes
 44610 | Depths:1 | Found a runed translucent gate.
 44611 | Depths:1 | Found a runed translucent gate.
 44612 | Depths:1 | Found a runed translucent gate.
 44615 | Depths:1 | Found a transporter.
 44678 | Depths:1 | Found a transporter.
 44700 | Depths:1 | Found a transporter.
 44902 | Depths:1 | Noticed Nikola
 44920 | Depths:1 | Killed Nikola
 45063 | Depths:1 | Found a portal to a secret trove of treasure.
 45112 | Depths:1 | Found a transporter.
 45353 | Depths:1 | Found a runed translucent gate.
 45353 | Depths:1 | Found a runed translucent gate.
 45361 | Depths:1 | Found a runed translucent gate.
 45362 | Depths:1 | Noticed Dameikh's ghost (veteran FoFi)
 45366 | Depths:1 | Reached XP level 25. HP: 160/160 MP: 39/39
 45385 | Depths:1 | Reached skill level 15 in Air Magic
 45386 | Depths:1 | Killed Dameikh's ghost
 45724 | D:9      | Bought a book of Party Tricks for 176 gold pieces
 45724 | D:9      | Bought a manual of Stealth for 880 gold pieces
 45726 | D:9      | Learned a level 1 spell: Apportation
 45952 | Depths:1 | Identified the -1 cloak of Leite {*Corrode rElec rN++}
 46428 | Slime:5  | Entered Level 5 of the Pits of Slime
 46449 | Slime:5  | Found a viscous altar of Jiyva.
 46451 | Slime:5  | Noticed the Royal Jelly
 46465 | Slime:5  | Killed the Royal Jelly
 46520 | Slime:5  | Reached skill level 23 in Invocations
 46580 | Slime:5  | Identified the ring "Duikhe" {Drain rF++ rCorr Int+5}
 46677 | Slime:5  | Got a slimy rune of Zot
 46696 | Slime:5  | Identified the +1 ring mail of Refuge {rC+}
 47150 | Depths:1 | You showed the slimy rune of Zot to enter a treasure trove
 47151 | Trove    | Entered a treasure trove
 47153 | Trove    | Found the +6 arbalest "Damnation" {damnation}
 47155 | Trove    | Found the +8 autumn katana {manifold assault}
 47166 | Trove    | Identified the +1 dagger "Dubifith" {freeze, rElec Will+++
                  | rCorr Str-5}
 47178 | Trove    | Identified the +4 quick blade of the Endless Wars {flame,
                  | Fly rElec rC+}
 47655 | Depths:2 | Found a one-way gate leading to the halls of Pandemonium.
 47860 | Depths:2 | Found Dulit's Weapon Shop.
 48213 | Depths:3 | Noticed Grunn
 48214 | Depths:3 | Killed Grunn
 48215 | Depths:3 | Reached skill level 5 in Hexes
 48238 | Depths:3 | Reached XP level 26. HP: 93/166 MP: 39/39
 48424 | Depths:3 | Found a one-way gateway to a ziggurat.
 48737 | Depths:3 | Found Big Baal Hell's Store.
 49028 | Depths:4 | Entered Level 4 of the Depths
 49047 | Depths:4 | Identified the +4 flail of Olackik {freeze, *Rage rElec
                  | rF+++ Str-3}
 49220 | Depths:4 | Found Zonicyzin's Fire Supplies.
 49318 | Depths:4 | Found a gate to the Realm of Zot.
 49659 | Zot:1    | Entered Level 1 of the Realm of Zot
 50200 | Zot:1    | Reached skill level 24 in Invocations
 50239 | Zot:1    | Found a stormy altar of Qazlal.
 50241 | Zot:1    | Noticed an ancient lich
 50256 | Zot:1    | Killed an ancient lich
 50875 | Zot:2    | Reached XP level 27. HP: 174/174 MP: 40/40
 51036 | Zot:2    | Noticed an orb of fire
 51050 | Zot:2    | Killed an orb of fire
 52413 | Zot:3    | Identified the +4 ring mail of Indemnity {Int+7}
 53707 | Zot:5    | Entered Level 5 of the Realm of Zot
 54182 | Zot:5    | Reached skill level 25 in Invocations
 54358 | Zot:5    | Noticed an ancient lich
 54721 | Zot:5    | Noticed an orb of fire
 54740 | Zot:5    | Killed an orb of fire
 54818 | Zot:5    | Noticed an orb of fire
 54829 | Zot:5    | Killed an orb of fire
 54837 | Zot:5    | Killed an ancient lich
 54907 | Zot:5    | Noticed an orb of fire
 54915 | Zot:5    | Killed an orb of fire
 54918 | Zot:5    | Noticed an ancient lich
 54927 | Zot:5    | Killed an ancient lich
 54929 | Zot:5    | Noticed an ancient lich
 54940 | Zot:5    | Killed an ancient lich
 55872 | Zot:5    | Got the Orb of Zot
 56419 | D:$      | Escaped with the Orb!

Illustrated notes

Levels and vault maps discovered:
D:1:      nzn_arrival_settlement, layout_basic, minmay_octomino_c4
D:2:      layout_basic, basic_altar, chequers_ecumenical_altar_lobes,
          chequers_serial_rivers_micro_d, minmay_misc_feat_columns,
          chequers_big_river
D:3:      wad_lake_hut, layout_loops_ring
D:4:      layout_loops_ring, nicolae_overflow_crystal_walls,
          minmay_misc_feat_roman, minmay_hedge_maze
D:5:      layout_rooms, grunt_dithmenos_shadows,
          nemelex_xobeh_ov_fountains_minmay, mainiacjoe_overflow_paths,
          tgw_fedhas, gammafunk_temple_overflow_claw, water_boxes_lemuel
D:6:      layout_basic, minmay_temple_entry_junction, glass_columns_b,
          chequers_serial_rivers_room_b
D:7:      layout_cave_pools, old_standard_altar
D:8:      layout_basic, zin_treasury, nicolae_wu_jian_wuxing_cycle,
          erik_lair_orcish_takeover, uniq_maggie
D:9:      minmay_the_grid_3x2 [minmay_the_grid_outer_diamond,
          minmay_the_grid_medium_cups, minmay_the_grid_all_tris,
          minmay_the_grid_tree, minmay_the_grid_minigrid_small,
          minmay_the_grid_prize_four_corners_diamond_a], layout_basic,
          lemuel_mausoleum_altar_kikubaaqudgha, minmay_orc_entry_guard_dogs,
          serial_shops, nicolae_shop_stone, enter_bailey_3,
          hellmonk_guarded_unrand_zhor, uniq_joseph
D:10:     layout_big_octagon, overflow_temple_1_default,
          mainiacjoe_overflow_alcove_1
D:11:     layout_stronghold, uniq_amaemon
D:12:     layout_loops_cross, dreamdust_princess_corridor
D:13:     layout_loops_corners, hangedman_vaults_entry_quadrant_bands,
          portal_ice_cave_entry_pillars_1, st_stairs_8, uniq_lodul, uniq_jorgrun
D:14:     layout_long_grid, small_statue_intersection, minmay_radiant,
          uniq_kirke
D:15:     grunt_enter_depths_giant_problem, layout_rooms, uniq_louise
Temple:   hellmonk_temple_forest_ring
Lair:1:   layout_regular_city, gauntlet_entry_generic
Lair:2:   layout_chaotic_city, elwin_shoals_entry_stream,
          guppyfry_snake_entry_island, gammafunk_ghost_necromancy, st_stairs_11
Lair:3:   layout_roguey, dreamdust_mushroom_princess
Lair:4:   layout_regular_city, minmay_slime_entry_jelly_boxes, roderic_batcave,
          lemuel_fruit_tree
Lair:5:   evilmike_catoblepas_cave, layout_regular_city,
          ebering_ghost_disaster_area, chequers_serial_rivers_room_a
Shoals:1: layout_shoals, uniq_roxanne
Snake:1:  layout_basic, grunt_ministairs_5, minmay_shop_star, uniq_frances,
          uniq_aizul
Snake:2:  layout_misc_corridors
Snake:3:  layout_honeycomb, serial_bayou_shore_a
Snake:4:  snake_pit_salamanders_mu, layout_onion, serial_bayou_pond_c, uniq_mara
Slime:1:  layout_caves
Slime:2:  layout_caves
Slime:3:  layout_caves
Slime:4:  layout_caves
Slime:5
Orc:1:    layout_diamond_mine, gammafunk_ghost_split, mines1_david, uniq_snorg,
          uniq_fannar, uniq_harold
Orc:2:    grunt_orc_community_town_hall, layout_caves,
          grunt_orc_community_big_house_1, grunt_orc_community_big_house_1,
          grunt_orc_community_house_3, grunt_orc_community_house_1,
          grunt_orc_community_house_2, grunt_orc_community_house_2,
          serial_shops, nicolae_square_shop, mines_bat_river
Elf:1:    nicolae_elf_arrival_aired_out, layout_loops_corners,
          evilmike_minifort, minivault_16, einodemon_armed_red_devil_minivault
Elf:2:    nicolae_elf_blades_crystal_corner, layout_geoelf_octagon, uniq_azrael
Elf:3:    minmay_elf_hall_dome, layout_rooms
Vaults:1: vaults_standard_mumra_lines, door_vault, ontoclasm_vaults_ligature,
          v_misc_22, hangedman_vaults_locks, v_misc_14,
          nicolae_vaults_ring_of_whatevers, vaults_dpeg_ring,
          vaults_room_fancy_cross, layout_vaults_quadrants
Vaults:2: portal_desolation_entry_holy_temple, v_alt_pattern_1, v_misc_28,
          hangedman_vaults_pinch, nicolae_vaults_little_squares_6,
          ontoclasm_vaults_gateway, nicolae_vaults_yaktaur_gun_rack,
          vaults_room_fours, ontoclasm_vaults_claustrophobia,
          grunt_vaults_diagonal, v_rooms_3, v_pattern_3, vaults_room_octagon,
          layout_vaults_omnicross
Vaults:3: v_alt_pattern_2, nicolae_vaults_alarming, hangedman_vaults_nodes,
          vaults_room_hallway, hangedman_vaults_restitches,
          hangedman_vaults_trim, nicolae_vaults_specimen_jars,
          hangedman_vaults_stagger, layout_vaults_omnibox, serial_shops,
          bzr_entry_water
Vaults:4: nicolae_vaults_sealed_display, vaults_dpeg_spiral, v_misc_10,
          v_pattern_2, nicolae_vaults_windows_and_doors_thing,
          nicolae_vaults_mini_display_case, grunt_vaults_hallway_short,
          grunt_vaults_focal, layout_vaults_chaotic_city, serial_shops, shop,
          uniq_boris, uniq_saint_roka, uniq_xtahua, uniq_jory, uniq_donald
Vaults:5
Depths:1: layout_gridlike, abyss_entry_flame_altar, grunt_metal_band,
          ploomutoo_gammafunk_ghost_potion_laboratory,
          nicolae_trove_entry_diagonal, fiery_altar_vehumet,
          nicolae_diode_intersection, minmay_shop_grove, serial_bayou_shore_b,
          serial_bayou_shore_b, uniq_nikola
Depths:2: minmay_textured_paths, layout_cave_pools, hangedman_tar_grid_catacomb,
          serial_shops, nicolae_shop_window_shopping,
          abyss_entry_small_statue_room, grunt_pan_entry_zigzag,
          infiniplex_staircase_pool_lava, serial_bayou_shore_b
Depths:3: cheibrodos_quadrivalence, layout_cave_pools, enter_ziggurat_b,
          grunt_pan_entry_spiral, serial_bayou_pond_b,
          nicolae_hell_entry_big_baal_hell, hangedman_abyss_entry_splay,
          minivault_11, uniq_grunn
Depths:4: grunt_zot_entry_gee_three, layout_cave_pools,
          amcnicky_mini_rare_corridor_liquid, abyss_entry, hell_entry,
          nicolae_shop_fire_sale [nicolae_sub_dead_trees], st_stairs_1
Zot:1:    regret_index_qazlal_generations, layout_twisted_circle,
          grunt_ministairs_7
Zot:2:    grunt_twist_and_shout, layout_cathedral_of_symmetry
Zot:3:    layout_cathedral_of_symmetry
Zot:4:    layout_gridlike
Zot:5:    layout_gridlike, lemuel_baited_zot_trap, st_stairs_4, drop_trap

Skill      XL: |  1  2  3  4  5  6  7  8  9 10 11 12 13 14 15 16 17 18 19 20 21 22 23 24 25 26 27 |
---------------+----------------------------------------------------------------------------------+-----
Conjurations   | 2 3 4 5 7 8 9 11 | 11.0
Translocations | 1 2 |  2.0
Summonings     | 2 3 |  3.0
Fighting       | 2 4 5 6 9 10 11 12 13 14 16 17 18 19 | 19.7
Air Magic      | 2 4 6 8 14 16 | 16.0
Poison Magic   | 1 2 |  2.0
Armour         | 1 2 3 4 6 |  6.0
Stealth        | 7 8 10 12 14 15 16 17 18 19 20 23 | 23.2
Short Blades   | 4 5 7 8 9 10 11 | 11.0
Dodging        | 3 6 7 8 9 10 12 13 15 16 17 18 19 20 | 20.7
Evocations     | 1 4 6 8 9 10 11 | 11.0
Invocations    | 1 6 8 9 10 11 12 14 16 18 19 20 22 23 24 25 | 25.9
Spellcasting   | 4 6 7 8 |  8.0
Transmutations | 1 4 |  4.0
Hexes          | 2 5 6 |  6.0

Action                     |  1- 3 |  4- 6 |  7- 9 | 10-12 | 13-15 | 16-18 | 19-21 | 22-24 | 25-27 || total
---------------------------+-------+-------+-------+-------+-------+-------+-------+-------+-------++-------
  Melee: Dagger            |    10 |    31 |   114 |     3 |       |       |       |       |       ||   158
         Peck              |     2 |     5 |    30 |   104 |   136 |   291 |   390 |   311 |   567 ||  1836
         Kick              |     1 |     8 |    55 |   141 |   223 |   429 |   640 |   508 |   870 ||  2875
         Spear             |       |       |    12 |   209 |       |       |       |       |       ||   221
         Punch             |       |       |     4 |     1 |       |       |       |       |       ||     5
         Pair of quick bla |       |       |       |   290 |   506 |  1118 |  1323 |   889 |  1441 ||  5567
         Katana            |       |       |       |       |       |       |       |       |    14 ||    14
   Cast: Magic Dart        |    92 |   129 |   249 |    17 |     1 |       |       |       |       ||   488
         Call Imp          |       |     5 |    28 |     2 |     1 |     1 |       |       |       ||    37
         Mephitic Cloud    |       |     1 |    20 |    11 |       |     1 |     1 |       |     3 ||    37
         Blink             |       |       |     3 |       |       |       |       |     1 |     7 ||    11
         Iskenderun's Myst |       |       |       |     1 |       |     5 |       |       |       ||     6
         Wereblood         |       |       |       |       |     9 |    33 |    25 |    18 |    40 ||   125
         Dazzling Flash    |       |       |       |       |     2 |       |       |       |       ||     2
         Passwall          |       |       |       |       |       |     1 |       |       |       ||     1
         Vhi's Electric Ch |       |       |       |       |       |       |       |     1 |    61 ||    62
         Silence           |       |       |       |       |       |       |       |     1 |       ||     1
         Arcjolt           |       |       |       |       |       |       |       |       |    30 ||    30
         Apportation       |       |       |       |       |       |       |       |       |     6 ||     6
         Swiftness         |       |       |       |       |       |       |       |       |     1 ||     1
 Invoke: Stomp             |       |       |     2 |       |    10 |    20 |    26 |    12 |    26 ||    96
         Line Pass         |       |       |     1 |       |     3 |    16 |    18 |    11 |    14 ||    63
         Grand Finale      |       |       |       |     2 |     2 |     8 |    12 |    10 |    18 ||    52
  Evoke: Wand              |       |       |     4 |     3 |       |     5 |     9 |     8 |     4 ||    33
         Box of beasts     |       |       |       |       |     1 |     3 |     2 |     1 |       ||     7
         Lightning rod     |       |       |       |       |       |       |     4 |     1 |       ||     5
         Condenser vane    |       |       |       |       |       |       |     2 |     5 |     6 ||    13
         Tin of tremorston |       |       |       |       |       |       |       |     5 |     3 ||     8
         Phial of floods   |       |       |       |       |       |       |       |     2 |       ||     2
         Phantom mirror    |       |       |       |       |       |       |       |     1 |       ||     1
    Use: Scroll            |     1 |     6 |     7 |     2 |    14 |     4 |     7 |     4 |    10 ||    55
         Potion            |       |       |       |     2 |     3 |       |     5 |     3 |     6 ||    19
   Stab: Confused          |       |     1 |     5 |     5 |     1 |    21 |    29 |    16 |    29 ||   107
         Paralysed         |       |       |     8 |    28 |    41 |    99 |    78 |    71 |   110 ||   435
         Fleeing           |       |       |     1 |       |       |       |       |       |       ||     1
         Distracted        |       |       |     2 |     3 |     3 |     1 |     4 |     7 |     1 ||    21
         Sleeping          |       |       |       |    11 |    26 |    71 |    28 |    24 |    25 ||   185
         Invisible         |       |       |       |       |     3 |       |     3 |       |    12 ||    18
         Petrifying        |       |       |       |       |     2 |       |       |       |       ||     2
 Armour: Robe              |     7 |     7 |     4 |       |       |       |     1 |    72 |   114 ||   205
         Leather armour    |       |       |    10 |     2 |       |       |       |       |       ||    12
         Animal skin       |       |       |       |    37 |    35 |   112 |    91 |       |       ||   275
  Dodge: Dodged            |    18 |    56 |   139 |   195 |   200 |   466 |   548 |   518 |  1115 ||  3255

Table legend: (Time is in decaauts)
 A = Elapsed time spent in this place.
 B = Non-inter-level travel time spent in this place.
 C = Inter-level travel time spent in this place.
 D = Time resting spent in this place.
 E = Time spent auto-exploring this place.
 F = Levels seen in this place.
 G = Mean time per level.
                   A        B        C        D        E       F      G
               +--------+--------+--------+--------+--------+-----+--------+
         Total |  48810 |  43575 |   5235 |   2732 |  28873 |  59 |  827.3 |
       Dungeon |  18464 |  15976 |   2488 |   1293 |  11171 |  15 | 1230.9 |
        Temple |    153 |    129 |     24 |      0 |    118 |   1 |  153.0 |
          Lair |   3911 |   3434 |    477 |     26 |   2596 |   5 |  782.2 |
        Shoals |      4 |      4 |      0 |      0 |      0 |   1 |    4.0 |
     Snake Pit |   3215 |   2892 |    323 |    186 |   1906 |   4 |  803.8 |
    Slime Pits |    370 |    342 |     28 |      0 |    103 |   5 |   74.0 |
  Orcish Mines |   1399 |   1227 |    172 |      0 |    882 |   2 |  699.5 |
   Elven Halls |   2677 |   2519 |    158 |     37 |   1653 |   3 |  892.3 |
        Vaults |   6626 |   6099 |    527 |    213 |   4314 |   5 | 1325.2 |
        Depths |   3627 |   2976 |    651 |    110 |   2115 |   4 |  906.8 |
           Zot |   5083 |   4700 |    383 |    304 |   3271 |   5 | 1016.6 |
         Abyss |    401 |    401 |      0 |     34 |      8 |   3 |  133.7 |
        Bazaar |     69 |     69 |      0 |      0 |     42 |   1 |   69.0 |
         Trove |     32 |     32 |      0 |      0 |      4 |   1 |   32.0 |
        Bailey |   1227 |   1227 |      0 |    509 |    152 |   1 | 1227.0 |
      Ice Cave |    352 |    352 |      0 |      0 |     83 |   1 |  352.0 |
    Desolation |    763 |    763 |      0 |      0 |    302 |   1 |  763.0 |
      Gauntlet |    430 |    430 |      0 |     18 |    147 |   1 |  430.0 |
               +--------+--------+--------+--------+--------+-----+--------+

Top non-repeatable levels by time:
     D:5: 2136 daAuts
Vaults:1: 2108 daAuts
   Zot:5: 1852 daAuts
     D:6: 1835 daAuts
     D:4: 1633 daAuts
     D:2: 1546 daAuts
     D:9: 1490 daAuts
     D:3: 1461 daAuts
Vaults:4: 1390 daAuts
Depths:1: 1377 daAuts
    D:11: 1304 daAuts
  Bailey: 1227 daAuts
     D:1: 1160 daAuts
Vaults:2: 1145 daAuts
Vaults:5: 1105 daAuts
